 Dungeon Crawl Stone Soup version 0.27-a0-909-g0721f309d1 (webtiles) character file.

Game seed: 334527759818006886

801 lunkers the Magician (level 7, -2/53 HPs)
             Began as a Djinni Earth Elementalist on Apr 8, 2021.
             Slain by an ice beast (8 damage)
             ... on level 5 of the Dungeon.
             The game lasted 00:05:39 (5393 turns).

lunkers the Magician (Djinni Earth Elementalist)    Turns: 5393, Time: 00:05:40

Health: -2/53      AC:  4    Str:  7    XL:     7   Next: 90%
Gold:   192        EV: 12    Int: 18    God:
                   SH:  0    Dex: 14

rFire    + + .     SeeInvis .   (no weapon)
rCold    . . .     Faith    .   (no shield)
rNeg     + . .     Spirit   .   c - +0 robe
rPois    ∞         Reflect  .   (no helmet)
rElec    .         Harm     .   d - +0 cloak
rCorr    .         Rampage  .   j - +0 pair of gloves
Will     .....                  (boots unavailable)
Stlth    ++........             p - amulet of regeneration
HPRegen  1.17/turn              b - ring of positive energy
MPRegen  0.00/turn              t - ring of protection from cold

@: flying
A: fire resistance 2, cold vulnerability 1, float, innate caster, hp casting,
extra vitality 1
a: no special abilities


You were on level 5 of the Dungeon.
You visited 2 branches of the dungeon, and saw 6 of its levels.

You collected 192 gold pieces.

Inventory:

Missiles
 i - 144 stones
Armour
 c - a +0 robe (worn)
 d - a +0 cloak (worn)
 j - a +0 pair of gloves (worn)
Jewellery
 b - a ring of positive energy (left hand)
 k - a +4 ring of slaying
 n - an amulet of reflection
 p - an amulet of regeneration (around neck)
 q - a +4 ring of slaying
 t - a ring of protection from cold (right hand)
Scrolls
 g - 3 scrolls of identify {unknown}
 h - a scroll of fog {unknown}
 m - a scroll of noise {unknown}
 o - a scroll of magic mapping {unknown}
 u - 3 scrolls of immolation {unknown}
 w - a scroll of enchant armour {unknown}
Potions
 a - 5 potions of curing {unknown}
 e - 2 potions of degeneration {unknown}
 f - 2 potions of brilliance {unknown}
 l - a potion of might {unknown}
 r - a potion of magic {unknown}
 s - 2 potions of lignification {unknown}
 v - 2 potions of berserk rage {unknown}


   Skills:
 + Level 4.6 Fighting
 - Level 2.1 Dodging
 - Level 1.5 Stealth
 * Level 6.4 Spellcasting


You couldn't memorise any spells.
You knew the following spells:

 Your Spells              Type           Power      Damage    Failure   Level
a - Stone Arrow           Conj/Erth      58%        3d10      2%          3
b - Passwall              Tmut/Erth      24%        N/A       1%          2
c - Sandblast             Erth           58%        2d13      1%          1
d - Petrify               Tmut/Erth      29%        N/A       8%          4
e - Lee's Rapid Deconstr  Erth           14%        3d10*     22%         5
f - Sting                 Tmut/Pois      100%       1d8       1%          1
g - Call Imp              Summ           29%        N/A       1%          2
h - Dazzling Flash        Conj/Hex       58%        N/A       2%          3
Your spell library was empty.

Dungeon Overview and Level Annotations

Branches:
Dungeon (5/15)             Temple (1/1) D:4

Altars:
Elyvilon
Hepliaklqana
Ru
Sif Muna
Trog
Uskayaw
Vehumet
Xom
Zin
The Shining One

Shops:
D:2 !   D:4 *(


Innate Abilities, Weirdness & Mutations

You are immune to poison.
Your flesh is very heat resistant. (rF++)
You are vulnerable to cold. (rC-)
You float through the air rather than walking.
You learn spells naturally, not from books.
Your magical power is your life essence.
You have superior vitality. (+4 HP)


Message History

* * * LOW HITPOINT WARNING * * *
Casting: Stone Arrow (dangerous; 2% risk of failure)
Confirm with . or Enter, or press ? or * to list all spells.
Aiming: Sandblast (safe; 1% risk of failure)
Press: ? - help, Shift-Dir - straight line, f/p - centaur
Aim: a centaur, wielding a +0 shortbow and quivering arrows (severely wounded, 12% to evade)
The blast of sand hits the centaur!
You kill the centaur!
* * * LOW HITPOINT WARNING * * *
Unknown command.
Casting: Sandblast (safe; 1% risk of failure)
Confirm with . or Enter, or press ? or * to list all spells.
Aiming: Sandblast (safe; 1% risk of failure)
Press: ? - help, Shift-Dir - straight line, f - ice beast
Aim: an ice beast (19% to evade)
The blast of sand hits the ice beast!
The ice beast is moderately wounded.
* * * LOW HITPOINT WARNING * * *
Casting: Sandblast (safe; 1% risk of failure)
Confirm with . or Enter, or press ? or * to list all spells.
Aiming: Sandblast (safe; 1% risk of failure)
Press: ? - help, Shift-Dir - straight line, f/p - ice beast
Aim: an ice beast (moderately wounded, 19% to evade)
The blast of sand hits the ice beast but does no damage.
The ice beast is moderately wounded.
* * * LOW HITPOINT WARNING * * *
The ice beast hits you but does no damage.
Unknown command.
Casting: Sandblast (safe; 1% risk of failure)
Confirm with . or Enter, or press ? or * to list all spells.
Aiming: Sandblast (safe; 1% risk of failure)
Press: ? - help, Shift-Dir - straight line, f/p - ice beast
Aim: an ice beast (moderately wounded, 19% to evade)
The blast of sand hits the ice beast!
The ice beast is severely wounded.
* * * LOW HITPOINT WARNING * * *
The ice beast hits you.
* * * LOW HITPOINT WARNING * * *
The ice beast freezes you!
You die...

..... ... ... ...
#)# #.# #Y# #@####
#....# #....#
###....####
#.........# #.
#.........#
#.###.........#
#..........#######.
...................


You could see an ice beast.

Vanquished Creatures
  Menkaure (D:4)
  2 black bears (D:5)
  2 ogres
  A centaur (D:5)
  A centaur skeleton (D:4)
  2 iguanas (D:5)
  A hound skeleton (D:4)
  7 adders
  2 adder skeletons (D:4)
  2 worms
  A dart slug (D:4)
  7 endoplasms
  2 giant cockroaches
  9 goblins
  9 hobgoblins
  9 jackals
  3 quokkas
  9 ball pythons
  7 bats
  3 frilled lizards
  3 kobolds
  4 rats
87 creatures vanquished.

Notes
Turn   | Place    | Note
-------+----------+-------------------------------------------
     0 | D:1      | lunkers the Djinni Earth Elementalist began the quest for
                  | the Orb.
     0 | D:1      | Reached XP level 1. HP: 15/15 MP: 0/0
   228 | D:1      | Reached skill level 3 in Spellcasting
   228 | D:1      | Reached XP level 2. HP: 19/22 MP: 0/0
   579 | D:1      | Reached skill level 1 in Fighting
   846 | D:1      | Reached XP level 3. HP: 26/27 MP: 0/0
   846 | D:1      | Learned a level 1 spell: Sting
  1906 | D:2      | Reached XP level 4. HP: 30/33 MP: 0/0
  2110 | D:2      | Found Tuphuano's Distillery.
  2730 | D:3      | Reached skill level 4 in Spellcasting
  3991 | D:4      | Found Hile's Antique Weapon Shop.
  4002 | D:4      | Reached XP level 5. HP: 33/39 MP: 0/0
  4002 | D:4      | Learned a level 2 spell: Call Imp
  4072 | D:4      | Noticed Menkaure
  4075 | D:4      | Killed Menkaure
  4076 | D:4      | Reached skill level 5 in Spellcasting
  4076 | D:4      | Reached XP level 6. HP: 34/46 MP: 0/0
  4477 | D:4      | Found a staircase to the Ecumenical Temple.
  4498 | Temple   | Entered the Ecumenical Temple
  4872 | D:4      | Found Aqontarph's Assorted Antiques.
  5099 | D:5      | Entered Level 5 of the Dungeon
  5171 | D:5      | Reached XP level 7. HP: 48/51 MP: 0/0
  5171 | D:5      | Learned a level 3 spell: Dazzling Flash
  5189 | D:5      | Reached skill level 6 in Spellcasting
  5393 | D:5      | Slain by an ice beast

Illustrated notes

Levels and vault maps discovered:
D:1:      psy_arrival_basics, layout_loops_corners, minmay_domino_4
D:2:      layout_loops_cross, serial_shops, nicolae_shop_waterfront
D:3:      layout_loops_ring
D:4:      layout_layer_cave, overflow_temple_1_default,
          minmay_temple_entry_ruins, serial_shops, shop, nicolae_shop_stone,
          nicolae_ossuary_entry_plus, uniq_menkaure
D:5:      layout_loops_corners
Temple:   compressed_dpeg_triangle_lava_temple

Skill      XL: |  1  2  3  4  5  6  7 |
---------------+----------------------+-----
Spellcasting   | 3 4 5 6 |  6.4
Fighting       | 1 2 3 4 |  4.6
Dodging        | |  2.1
Stealth        | |  1.5

Action                   |  1- 3 |  4- 6 |  7- 9 || total
-------------------------+-------+-------+-------++-------
 Cast: Sandblast         |    47 |     2 |     4 ||    53
       Stone Arrow       |    10 |    53 |    11 ||    74
Armor: Robe              |     9 |     1 |     1 ||    11
Dodge: Dodged            |    12 |    14 |     5 ||    31
Block: Other             |       |     1 |       ||     1

Table legend: (Time is in decaauts)
 A = Elapsed time spent in this place.
 B = Non-inter-level travel time spent in this place.
 C = Inter-level travel time spent in this place.
 D = Time resting spent in this place.
 E = Time spent auto-exploring this place.
 F = Levels seen in this place.
 G = Mean time per level.
                   A        B        C        D        E       F      G
               +--------+--------+--------+--------+--------+-----+--------+
         Total |   5390 |   5272 |    118 |     94 |   4697 |   6 |  898.3 |
       Dungeon |   5132 |   5014 |    118 |     94 |   4457 |   5 | 1026.4 |
        Temple |    257 |    257 |      0 |      0 |    240 |   1 |  257.0 |
               +--------+--------+--------+--------+--------+-----+--------+

Top non-repeatable levels by time:
     D:1: 1371 daAuts
     D:2: 1315 daAuts
     D:3: 1246 daAuts
     D:4: 906 daAuts
     D:5: 293 daAuts
  Temple: 257 daAuts
